| TOP OF THE 1ST |
|
Wisconsin Timber Rattlers batting - Pitching for West Virginia Power : RHP Kyle Davis
|
|
Pitching: RHP Kyle Davis
|
|
|
Batting: RHB Chris Maul
|
0-0: Called Strike 0-1: Called Strike 0-2: Ball 1-2: Fly out, F3 (Popup, 3SF, EV 73.1 MPH)
|
|
Batting: RHB Ryan Miller
|
0-0: Swinging Strike 0-1: Ball 1-1: Ball 2-1: SINGLE (Groundball, 34D, EV 108.8 MPH)
|
|
Batting: SHB Justin Hensley
|
0-0: Ball 1-0: Foul Ball, location: 2F 1-1: Foul Ball, location: 2F 1-2: Foul Ball, location: 2F 1-2: Ball 2-2: Ball 3-2: SINGLE (Groundball, 5L, EV 101.2 MPH) (infield hit) Ryan Miller to second
|
|
Batting: LHB Karel Hort
|
0-0: Swinging Strike 0-1: Ball 1-1: Ball 2-1: Foul Ball, location: 2F 2-2: Fielders Choice at 2nd, 3-6 (Groundball, 34S, EV 90.6 MPH) Ryan Miller to third
|
|
Batting: LHB Mark Backstrom
|
0-0: Ball 1-0: Foul Ball, location: 2F 1-1: Ball 2-1: Foul Ball, location: 2F 2-2: Ground out U3 (Groundball, 3, EV 87.5 MPH)
|
| Top of the 1st over - 0 runs, 2 hits, 0 errors, 2 left on base; Wisconsin 0 - West Virginia 0 |
| BOTTOM OF THE 1ST |
|
West Virginia Power batting - Pitching for Wisconsin Timber Rattlers : RHP Mike Ellinwood
|
|
Pitching: RHP Mike Ellinwood
|
|
|
Batting: RHB Jordan Robinson
|
0-0: Fly out, F8 (Flyball, 8LD, EV 95.0 MPH)
|
|
Batting: LHB Randy Boone
|
0-0: Foul Ball, location: 2F 0-1: SINGLE (Line Drive, 56D, EV 97.5 MPH)
|
|
Batting: RHB Alain Marquet
|
0-0: Ball 1-0: Called Strike 1-1: Called Strike 1-2: Fielders Choice at 2nd, 5-4 (Groundball, 5S, EV 88.8 MPH)
|
|
Batting: LHB Joe Wise
|
0-0: Ball 1-0: Ball 2-0: Fielders Choice at 2nd, 5-4 (Groundball, 56, EV 98.8 MPH)
|
| Bottom of the 1st over - 0 runs, 1 hit, 0 errors, 1 left on base; Wisconsin 0 - West Virginia 0 |
| TOP OF THE 2ND |
|
Wisconsin Timber Rattlers batting - Pitching for West Virginia Power : RHP Kyle Davis
|
|
Batting: SHB Robert Sayer
|
0-0: Swinging Strike 0-1: Ball 1-1: Called Strike 1-2: Ball 2-2: Foul Ball, location: 2F 2-2: Foul Ball, location: 2F 2-2: Fly out, F8 (Line Drive, 8LM, EV 101.2 MPH)
|
|
Batting: RHB Dan Allred
|
0-0: Called Strike 0-1: Called Strike 0-2: Ball 1-2: Ground out 1-3 (Groundball, P, EV 71.2 MPH)
|
|
Batting: RHB Chris Fruit
|
0-0: Ball 1-0: SINGLE (Groundball, 5S, EV 71.2 MPH) (infield hit)
|
|
Batting: RHB Juan Villanueva
|
0-0: Ball 1-0: Called Strike 1-1: Ball 2-1: Ground out 4-3 (Groundball, 34, EV 81.9 MPH)
|
| Top of the 2nd over - 0 runs, 1 hit, 0 errors, 1 left on base; Wisconsin 0 - West Virginia 0 |
| BOTTOM OF THE 2ND |
|
West Virginia Power batting - Pitching for Wisconsin Timber Rattlers : RHP Mike Ellinwood
|
|
Batting: RHB Jeff Edwards
|
0-0: Ball 1-0: SOLO HOME RUN (Flyball, 7LD, EV 90.6 MPH), Distance : 357 ft
|
|
Batting: LHB Brandon Sarni
|
0-0: Foul Ball, location: 2F 0-1: Ball 1-1: Swinging Strike 1-2: Strikes out looking
|
|
Batting: LHB Tomohiro Yokoyama
|
0-0: Ball 1-0: Ball 2-0: Ground out 4-3 (Groundball, 4, EV 85.0 MPH)
|
|
Batting: RHB Terry Sutherland
|
0-0: Called Strike 0-1: Ball 1-1: Ball 2-1: Ball 3-1: Called Strike 3-2: Foul Ball, location: 2F 3-2: Strikes out looking
|
| Bottom of the 2nd over - 1 run, 1 hit, 0 errors, 0 left on base; Wisconsin 0 - West Virginia 1 |
| TOP OF THE 3RD |
|
Wisconsin Timber Rattlers batting - Pitching for West Virginia Power : RHP Kyle Davis
|
|
Batting: RHB Chris Maul
|
0-0: Ball 1-0: Ball 2-0: Foul Ball, location: 2F 2-1: Fly out, F9 (Flyball, 89M, EV 87.5 MPH)
|
|
Batting: RHB Ryan Miller
|
0-0: Ball 1-0: Swinging Strike 1-1: Ball 2-1: Ball 3-1: Foul Ball, location: 2F 3-2: Strikes out swinging
|
|
Batting: SHB Justin Hensley
|
0-0: Foul Ball, location: 2F 0-1: Swinging Strike 0-2: Ball 1-2: Strikes out swinging
|
| Top of the 3rd over - 0 runs, 0 hits, 0 errors, 0 left on base; Wisconsin 0 - West Virginia 1 |
| BOTTOM OF THE 3RD |
|
West Virginia Power batting - Pitching for Wisconsin Timber Rattlers : RHP Mike Ellinwood
|
|
Batting: RHB Rick Pittman
|
0-0: Called Strike 0-1: Foul Ball, location: 2F 0-2: Ball 1-2: TRIPLE (Flyball, 89XD, EV 108.8 MPH)
|
|
Batting: RHB Jordan Robinson
|
0-0: Foul Ball, location: 2F 0-1: Called Strike 0-2: Ball 1-2: Strikes out swinging
|
|
Batting: LHB Randy Boone
|
0-0: Ground out 6-3 (Groundball, 56, EV 88.8 MPH) Rick Pittman scores
|
|
Batting: RHB Alain Marquet
|
0-0: Ball 1-0: Foul Ball, location: 2F 1-1: Ball 2-1: Ball 3-1: Foul Ball, location: 2F 3-2: Strikes out swinging
|
| Bottom of the 3rd over - 1 run, 1 hit, 0 errors, 0 left on base; Wisconsin 0 - West Virginia 2 |
| TOP OF THE 4TH |
|
Wisconsin Timber Rattlers batting - Pitching for West Virginia Power : RHP Kyle Davis
|
|
Batting: LHB Karel Hort
|
0-0: Called Strike 0-1: Foul Ball, location: 2F 0-2: Foul Ball, location: 2F 0-2: Foul Ball, location: 2F 0-2: Ball 1-2: SINGLE (Line Drive, 9S, EV 100.0 MPH)
|
|
Batting: LHB Mark Backstrom
|
0-0: Ball 1-0: Ball 2-0: Ball 3-0: Called Strike 3-1: Called Strike 3-2: SINGLE (Groundball, 6D, EV 104.4 MPH) Karel Hort to second
|
|
Batting: SHB Robert Sayer
|
0-0: Ball 1-0: Called Strike 1-1: Fielders Choice at 2nd, 3-6 (Groundball, 34, EV 103.1 MPH) Karel Hort to third
|
|
Batting: RHB Dan Allred
|
0-0: Ball 1-0: Fielders Choice at 2nd, 1-4 (Groundball, 15S, EV 68.1 MPH)
|
|
Batting: RHB Chris Fruit
|
0-0: Called Strike 0-1: Ball 1-1: Foul Ball, location: 2F 1-2: Fly out, F8 (Flyball, 89M, EV 78.1 MPH)
|
| Top of the 4th over - 0 runs, 2 hits, 0 errors, 2 left on base; Wisconsin 0 - West Virginia 2 |
| BOTTOM OF THE 4TH |
|
West Virginia Power batting - Pitching for Wisconsin Timber Rattlers : RHP Mike Ellinwood
|
|
Batting: LHB Joe Wise
|
0-0: Called Strike 0-1: Called Strike 0-2: SINGLE (Flyball, 8RS, EV 95.6 MPH)
|
|
Batting: RHB Jeff Edwards
|
0-0: Called Strike 0-1: Called Strike 0-2: Fielders Choice at 2nd, 4-6 (Groundball, 4, EV 88.1 MPH)
|
|
Batting: LHB Brandon Sarni
|
0-0: Foul Ball, location: 2F 0-1: SINGLE (Groundball, 34D, EV 103.8 MPH) Jeff Edwards to second
|
|
Batting: LHB Tomohiro Yokoyama
|
0-0: Called Strike 0-1: Foul Ball, location: 2F 0-2: Ball 1-2: Foul Ball, location: 2F 1-2: Foul Ball, location: 2F 1-2: Fielders Choice at 2nd, 1-6 (Groundball, 34S, EV 76.2 MPH) Jeff Edwards to third
|
|
Batting: RHB Terry Sutherland
|
0-0: Ball 1-0: Ball 2-0: Fly out, F7 (Flyball, 7D, EV 100.6 MPH)
|
| Bottom of the 4th over - 0 runs, 2 hits, 0 errors, 2 left on base; Wisconsin 0 - West Virginia 2 |
| TOP OF THE 5TH |
|
Wisconsin Timber Rattlers batting - Pitching for West Virginia Power : RHP Kyle Davis
|
|
Batting: RHB Juan Villanueva
|
0-0: Called Strike 0-1: Foul Ball, location: 2F 0-2: Ball 1-2: Ball 2-2: Foul Ball, location: 2F 2-2: Foul Ball, location: 2F 2-2: Reached on error, E6 (Groundball, 6, EV 98.8 MPH)
|
|
Batting: RHB Chris Maul
|
0-0: Called Strike 0-1: Ball 1-1: Ground out U3 (Groundball, 34S, EV 63.1 MPH) Juan Villanueva to second
|
|
Batting: RHB Ryan Miller
|
0-0: SINGLE (Line Drive, 78S, EV 106.2 MPH) Juan Villanueva to third Runner from 3rd tries for Home, SAFE, throw by LF to home
|
|
Pitching: RHP James Cornette
|
|
|
Batting: SHB Justin Hensley
|
0-0: Ball 1-0: Ball 2-0: Called Strike 2-1: Ball 3-1: Base on Balls Ryan Miller to second
|
|
Batting: LHB Karel Hort
|
0-0: Called Strike 0-1: Swinging Strike 0-2: Strikes out looking
|
|
Batting: LHB Mark Backstrom
|
0-0: Ball 1-0: Foul Ball, location: 2F 1-1: Foul Ball, location: 2F 1-2: Strikes out swinging
|
| Top of the 5th over - 1 run, 1 hit, 1 error, 2 left on base; Wisconsin 1 - West Virginia 2 |
| BOTTOM OF THE 5TH |
|
West Virginia Power batting - Pitching for Wisconsin Timber Rattlers : RHP Mike Ellinwood
|
|
Batting: RHB Rick Pittman
|
0-0: Ball 1-0: Foul Ball, location: 2F 1-1: SINGLE (Groundball, 6D, EV 103.1 MPH)
|
|
Batting: RHB Jordan Robinson
|
0-0: Foul Ball, location: 2F 0-1: Ball 1-1: Ball 2-1: Fly out, F5 (Line Drive, 5, EV 71.9 MPH)
|
|
Batting: LHB Randy Boone
|
0-0: Reached on error, E4 (Groundball, 4, EV 81.9 MPH) Rick Pittman to second
|
|
Batting: RHB Alain Marquet
|
0-0: Ball 1-0: Foul Ball, location: 2F 1-1: Fly out, F8 (Flyball, 8RD, EV 90.0 MPH)
|
|
Batting: LHB Joe Wise
|
0-0: Called Strike 0-1: 3-RUN HOME RUN (Flyball, 89XD, EV 96.2 MPH), Distance : 381 ft
|
|
Batting: RHB Jeff Edwards
|
0-0: SINGLE (Groundball, 6MD, EV 96.9 MPH)
|
|
Batting: LHB Brandon Sarni
|
0-0: Called Strike 0-1: Swinging Strike 0-2: Ball 1-2: Ground out U3 (Groundball, 3L, EV 86.9 MPH)
|
| Bottom of the 5th over - 3 runs, 3 hits, 1 error, 1 left on base; Wisconsin 1 - West Virginia 5 |
| TOP OF THE 6TH |
|
Wisconsin Timber Rattlers batting - Pitching for West Virginia Power : RHP James Cornette
|
|
Batting: SHB Robert Sayer
|
0-0: Foul Ball, location: 2F 0-1: Swinging Strike 0-2: Strikes out swinging
|
|
Batting: RHB Dan Allred
|
0-0: Called Strike 0-1: Ball 1-1: DOUBLE (Flyball, 9LD, EV 103.1 MPH)
|
|
Batting: RHB Chris Fruit
|
0-0: Ball 1-0: Ground out 3-1 (Groundball, 13, EV 78.1 MPH) Dan Allred to third
|
|
Batting: RHB Juan Villanueva
|
0-0: DOUBLE (Groundball, 5L, EV 100.0 MPH) Dan Allred scores
|
|
Batting: RHB Chris Maul
|
0-0: Ball 1-0: Called Strike 1-1: Foul Ball, location: 2F 1-2: Ball 2-2: Foul Ball, location: 2F 2-2: Strikes out looking
|
| Top of the 6th over - 1 run, 2 hits, 0 errors, 1 left on base; Wisconsin 2 - West Virginia 5 |
| BOTTOM OF THE 6TH |
|
West Virginia Power batting - Pitching for Wisconsin Timber Rattlers : RHP Mike Ellinwood
|
|
Batting: LHB Tomohiro Yokoyama
|
0-0: Called Strike 0-1: Fly out, F8 (Flyball, 8RXD, EV 100.0 MPH)
|
|
Batting: RHB Terry Sutherland
|
0-0: Ball 1-0: Foul Ball, location: 2F 1-1: Ball 2-1: SINGLE (Groundball, 56S, EV 62.5 MPH) (infield hit)
|
|
Pitching: RHP Bobby Savoy
|
|
|
Batting: RHB Rick Pittman
|
0-0: Grounds into double play, 6-4-3 (Groundball, 6M, EV 81.2 MPH)
|
| Bottom of the 6th over - 0 runs, 1 hit, 0 errors, 0 left on base; Wisconsin 2 - West Virginia 5 |
| TOP OF THE 7TH |
|
Wisconsin Timber Rattlers batting - Pitching for West Virginia Power : RHP James Cornette
|
|
Pitching: RHP Nelson Villalva
|
|
|
Batting: RHB Ryan Miller
|
0-0: Called Strike 0-1: Ball 1-1: Swinging Strike 1-2: Ball 2-2: Foul Ball, location: 2F 2-2: Foul Ball, location: 2F 2-2: Foul Ball, location: 2F 2-2: SINGLE (Groundball, 4MD, EV 98.1 MPH)
|
|
Batting: SHB Justin Hensley
|
0-0: Called Strike 0-1: Ball 1-1: Hit by Pitch Ryan Miller to second
|
|
Batting: LHB Karel Hort
|
0-0: Ball 1-0: Ball 2-0: Called Strike 2-1: Foul Ball, location: 2F 2-2: Foul Ball, location: 2F 2-2: Grounds into double play, 4-6-3 (Groundball, 4, EV 102.5 MPH) Ryan Miller to third
|
|
Batting: LHB Mark Backstrom
|
0-0: Called Strike 0-1: Ball 1-1: Swinging Strike 1-2: Ball 2-2: Ground out 1-3 (Groundball, P, EV 64.4 MPH)
|
| Top of the 7th over - 0 runs, 1 hit, 0 errors, 1 left on base; Wisconsin 2 - West Virginia 5 |
| BOTTOM OF THE 7TH |
|
West Virginia Power batting - Pitching for Wisconsin Timber Rattlers : RHP Bobby Savoy
|
|
Batting: RHB Jordan Robinson
|
0-0: Ball 1-0: Ball 2-0: Ball 3-0: Called Strike 3-1: Swinging Strike 3-2: Strikes out swinging
|
|
Batting: LHB Randy Boone
|
0-0: Called Strike 0-1: Called Strike 0-2: Ground out 6-3 (Groundball, 6M, EV 105.6 MPH)
|
|
Batting: RHB Alain Marquet
|
0-0: Called Strike 0-1: Swinging Strike 0-2: Ball 1-2: Strikes out swinging
|
| Bottom of the 7th over - 0 runs, 0 hits, 0 errors, 0 left on base; Wisconsin 2 - West Virginia 5 |
| TOP OF THE 8TH |
|
Wisconsin Timber Rattlers batting - Pitching for West Virginia Power : RHP Nelson Villalva
|
|
Pitching: LHP Grady Hebert
|
|
|
Batting: SHB Robert Sayer
|
0-0: Called Strike 0-1: Swinging Strike 0-2: Ball 1-2: Ground out 3-1 (Groundball, 13, EV 80.6 MPH)
|
|
Batting: RHB Dan Allred
|
0-0: Ground out 4-3 (Groundball, 4D, EV 90.6 MPH)
|
|
Batting: RHB Chris Fruit
|
0-0: Called Strike 0-1: Ball 1-1: Foul Ball, location: 2F 1-2: Ball 2-2: Foul Ball, location: 2F 2-2: Ground out 6-3 (Groundball, 6, EV 87.5 MPH)
|
| Top of the 8th over - 0 runs, 0 hits, 0 errors, 0 left on base; Wisconsin 2 - West Virginia 5 |
| BOTTOM OF THE 8TH |
|
West Virginia Power batting - Pitching for Wisconsin Timber Rattlers : RHP Bobby Savoy
|
|
Batting: LHB Joe Wise
|
0-0: Called Strike 0-1: Called Strike 0-2: DOUBLE (Flyball, 8LXD, EV 91.2 MPH)
|
|
Batting: RHB Jeff Edwards
|
0-0: Ball 1-0: Ball 2-0: Called Strike 2-1: SINGLE (Line Drive, 7S, EV 91.2 MPH) Joe Wise to third Runner from 3rd tries for Home, SAFE, throw by LF to home
|
|
Batting: LHB Brandon Sarni
|
0-0: Foul Ball, location: 2F 0-1: Ball 1-1: Fly out, F9 (Flyball, 89M, EV 82.5 MPH)
|
|
Batting: LHB Tomohiro Yokoyama
|
0-0: Called Strike 0-1: Swinging Strike 0-2: Strikes out swinging
|
|
Batting: RHB Terry Sutherland
|
0-0: Called Strike 0-1: Ball 1-1: Ball 2-1: Ball 3-1: Fly out, F7 (Flyball, 7, EV 86.9 MPH)
|
| Bottom of the 8th over - 1 run, 2 hits, 0 errors, 1 left on base; Wisconsin 2 - West Virginia 6 |
| TOP OF THE 9TH |
|
Wisconsin Timber Rattlers batting - Pitching for West Virginia Power : LHP Grady Hebert
|
|
Batting: RHB Juan Villanueva
|
0-0: Fly out, F8 (Line Drive, 8RM, EV 100.6 MPH)
|
|
Batting: RHB Chris Maul
|
0-0: Foul Ball, location: 2F 0-1: Ball 1-1: Fly out, F7 (Flyball, 7LD, EV 101.2 MPH)
|
|
Batting: RHB Ryan Miller
|
0-0: Ball 1-0: Ball 2-0: Called Strike 2-1: Swinging Strike 2-2: Strikes out looking
|
| Top of the 9th over - 0 runs, 0 hits, 0 errors, 0 left on base; Wisconsin 2 - West Virginia 6 |
|